 Dungeon Crawl Stone Soup version 0.26.0-11-g8f856b5395 (webtiles) character file.

Game seed: 15757575755781489425

578 DearestLeader the Geomancer (level 7, -1/36 HPs)
             Began as a Gargoyle Earth Elementalist on Jan 15, 2021.
             Slain by an ogre
             ... wielding a +0 giant club
              (27 damage)
             ... on level 4 of the Dungeon.
             The game lasted 00:08:18 (4684 turns).

DearestLeader the Geomancer (GrEE)                  Turns: 4684, Time: 00:08:19

Health: -1/36      AC:  8    Str: 12    XL:     7   Next: 35%
Magic:  8/10       EV: 12    Int: 17    God:
Gold:   224        SH:  5    Dex: 10    Spells: 4/10 levels left

rFire    . . .     SeeInvis .   w - staff of conjuration
rCold    . . .     Faith    .   (no shield)
rNeg     + . .     Spirit   .   c - +0 robe
rPois    ∞         Reflect  +   e - +0 helmet
rElec    +         Harm     .   v - +0 cloak
rCorr    +         Rampage  .   (no gloves)
Will     .....                  (no boots)
Stlth    ++........             j - amulet of reflection
HPRegen  0.12/turn              l - ring of resist corrosion
MPRegen  0.12/turn              (no ring)

@: no status effects
A: negative energy resistance 1, electricity resistance, unbreathing,
petrification resistance, miasma immunity, AC +4
a: no special abilities


You were on level 4 of the Dungeon.
You visited 1 branch of the dungeon, and saw 4 of its levels.

You collected 224 gold pieces.

Inventory:

Hand Weapons
 a - a +0 spear
 d - a +0 dagger
 k - a +3 quarterstaff of chaos
Missiles
 b - 60 stones
Armour
 c - a +0 robe (worn)
 e - a +0 helmet (worn)
 t - +0 swamp dragon scales
 v - a +0 cloak (worn)
Magical Staves
 w - an uncursed staff of conjuration (weapon)
Jewellery
 j - an amulet of reflection (around neck)
 l - a ring of resist corrosion (left hand)
 o - an uncursed amulet of guardian spirit {unknown}
Scrolls
 f - a scroll of blinking
 q - a scroll of remove curse {unknown}
 r - a scroll of random uselessness {unknown}
 s - a scroll of amnesia {unknown}
 u - a scroll of fog {unknown}
 y - a scroll of enchant weapon {unknown}
 z - a scroll of teleportation {unknown}
Potions
 g - 2 potions of lignification {unknown}
 h - a potion of mutation {unknown}
 i - a potion of attraction {unknown}
 m - a potion of curing
 n - a potion of invisibility {unknown}
 p - a potion of cancellation {unknown}
 x - a potion of flight {unknown}


   Skills:
 - Level 1.5 Dodging
 - Level 2.1 Stealth
 * Level 2.0 Spellcasting
 - Level 0.7 Transmutations
 * Level 9.8 Earth Magic


You had 4 spell levels left.
You knew the following spells:

 Your Spells              Type           Power        Failure   Level
a - Sandblast             Erth           70%          1%          1
b - Passwall              Tmut/Erth      15%          3%          2
c - Stone Arrow           Conj/Erth      54%          8%          3

Your spell library contained the following spells:

 Spells                   Type           Power        Failure   Level
 Freeze                   Ice            4%           19%         1
 Petrify                  Tmut/Erth      19%          22%         4
 Frozen Ramparts          Ice            2%           50%         3
 Ozocubu's Armour         Ice            1%           50%         3
 Hailstorm                Conj/Ice       2%           88%         4
 Summon Ice Beast         Ice/Summ       1%           88%         4
 Lee's Rapid Deconstruct  Erth           17%          10%         5


Dungeon Overview and Level Annotations

Branches:
Dungeon (4/15)
 Temple: D:4-7

Altars:
Dithmenos
Gozag
Sif Muna
Zin


Innate Abilities, Weirdness & Mutations

You are resistant to torment.
Your stone body is resilient. (AC +4)
You are immune to poison.
You resist negative energy. (rN+)
You are resistant to electric shocks. (rElec)
You can survive without breathing.
You are immune to petrification.
You are immune to miasma.


Message History

Found 8 poisoned darts.
You see here a fuming grey potion.
Casting: Sandblast (safe; 1% risk of failure)
Confirm with . or Enter, or press ? or * to list all spells.
Aiming: Sandblast (safe; 1% risk of failure)
Press: ? - help, Shift-Dir - straight line, f - ogre
Aim: an ogre, wielding a +0 giant club (9% to evade)
The blast of sand hits the ogre!
The ogre is heavily wounded.
The ogre hits you with a +0 giant club!
Casting: Sandblast (safe; 1% risk of failure)
Confirm with . or Enter, or press ? or * to list all spells.
Aiming: Sandblast (safe; 1% risk of failure)
Press: ? - help, Shift-Dir - straight line, f/p - ogre
Aim: an ogre, wielding a +0 giant club (heavily wounded, 9% to evade)
The blast of sand hits the ogre!
The ogre is almost dead.
The ogre hits you with a +0 giant club!!
Ouch! That really hurt!
You die...

.<....##..........
####..##.#..##.#.#.#
###..##.#..##.#.#.#
#..........##.....#
#.#............#..
##.#..####...#....
.<....# #...#.#.# #
##.##.# #...!.#.#.#
##.##.# #......@O.#
....#.#
##.####...(....
....#.. ...#
########.
##..####.####
#.......# #.#######
#.# #.# #.#


You could see an ogre.

Vanquished Creatures
  Grinder (D:4)
  A centaur (D:3)
  Crazy Yiuf (D:3)
  An iguana (D:4)
  A worker ant (D:3)
  Natasha (thrice) (D:3)
  4 adders
  2 oozes
  4 worms
  A dart slug (D:1)
  3 leopard geckos
  An orc (D:2)
  2 giant cockroaches
  10 goblins
  12 hobgoblins
  9 jackals
  A quokka (D:3)
  10 bats
  5 frilled lizards
  9 kobolds
  7 rats
88 creatures vanquished.

Vanquished Creatures (others)
  2 fungi (D:3)
2 creatures vanquished.

Grand Total: 90 creatures vanquished

Notes
Turn   | Place    | Note
-------+----------+-------------------------------------------
     0 | D:1      | DearestLeader the Gargoyle Earth Elementalist began the
                  | quest for the Orb.
     0 | D:1      | Reached XP level 1. HP: 10/10 MP: 3/3
   208 | D:1      | Reached skill level 4 in Earth Magic
   225 | D:1      | Reached XP level 2. HP: 13/15 MP: 3/5
   525 | D:1      | Reached skill level 5 in Earth Magic
   525 | D:1      | Reached XP level 3. HP: 11/19 MP: 6/6
   953 | D:1      | Learned a level 2 spell: Passwall
   957 | D:1      | Learned a level 3 spell: Stone Arrow
  1695 | D:2      | Found a glowing silver altar of Zin.
  1696 | D:2      | Found an opulent altar of Gozag.
  1946 | D:2      | Reached XP level 4. HP: 24/24 MP: 5/7
  2048 | D:2      | Found a shimmering blue altar of Sif Muna.
  2136 | D:2      | Reached skill level 6 in Earth Magic
  2723 | D:3      | Reached XP level 5. HP: 26/28 MP: 8/8
  2779 | D:3      | Found a shadowy altar of Dithmenos.
  3046 | D:3      | Reached skill level 7 in Earth Magic
  3168 | D:3      | Noticed a centaur
  3171 | D:3      | Killed a centaur
  3191 | D:3      | Noticed Natasha
  3205 | D:3      | Killed Natasha
  3206 | D:3      | Reached skill level 8 in Earth Magic
  3206 | D:3      | Reached XP level 6. HP: 23/32 MP: 6/9
  3522 | D:3      | Found a runed translucent door.
  3523 | D:3      | Noticed Crazy Yiuf
  3658 | D:3      | Found a faded altar of an unknown god.
  3755 | D:3      | Noticed Natasha
  3759 | D:3      | Killed Natasha
  3956 | D:3      | Noticed Natasha
  3970 | D:3      | Killed Natasha
  4236 | D:3      | Killed Crazy Yiuf
  4415 | D:4      | Noticed Grinder
  4416 | D:4      | Paralysed by Grinder for 2 turns
  4422 | D:4      | Killed Grinder
  4423 | D:4      | Reached skill level 9 in Earth Magic
  4423 | D:4      | Reached XP level 7. HP: 32/36 MP: 3/10
  4684 | D:4      | Slain by an ogre

Illustrated notes

Levels and vault maps discovered:
D:1:      psy_arrival_terrarium, layout_loops_ring
D:2:      layout_basic, grunt_temple_overflow_gold_and_silver,
          lemuel_doored_altar
D:3:      layout_loops_corners, chequers_ecumenical_altar_simple,
          grunt_dithmenos_smoke, uniq_crazy_yiuf_cottage, uniq_natasha
D:4:      layout_loops_ring, uniq_grinder

Skill      XL: |  1  2  3  4  5  6 |
---------------+-------------------+-----
Earth Magic    | 4 5 6 8 9 |  9.8
Dodging        | |  1.5
Stealth        | |  2.1
Spellcasting   | |  2.0
Transmutations | |  0.7

Action                   |  1- 3 |  4- 6 |  7- 9 || total
-------------------------+-------+-------+-------++-------
Melee: Unarmed           |    11 |       |       ||    11
       Spear             |    12 |       |       ||    12
       Dagger            |   125 |   259 |       ||   384
       Quarterstaff      |       |     6 |       ||     6
       Staff             |       |       |     3 ||     3
 Cast: Sandblast         |    19 |    38 |     2 ||    59
  Use: Scroll            |       |     2 |       ||     2
 Stab: Sleeping          |     8 |     2 |     1 ||    11
Armor: Robe              |    48 |    83 |     1 ||   132
Dodge: Dodged            |   114 |   172 |     1 ||   287
Block: Other             |     1 |    65 |       ||    66
       Reflection        |       |     1 |       ||     1
